 Dungeon Crawl Stone Soup version 0.29.1-12-g30fa7ad0bf (webtiles) character file.

Game seed: 15288352530602175144

902 fantasyman the Cudgeller (level 8, 0/55 HPs)
             Began as a Formicid Fighter on Dec 20, 2022.
             Slain by an iguana (11 damage)
             ... on level 5 of the Dungeon.
             The game lasted 00:05:06 (5948 turns).

fantasyman the Cudgeller (Formicid Fighter)         Turns: 5948, Time: 00:05:06

Health: 0/55       AC:  3    Str: 23    XL:     8   Next: 28%
Magic:  8/8        EV:  7    Int:  8    God:
Gold:   193        SH:  6    Dex: 13    Spells: 7/7 levels left

rFire   . . .      SeeInvis +   a - +0 flail
rCold   . . .      Faith    .   c - +1 buckler
rNeg    . . .      Spirit   .   o - +0 chain mail
rPois   .          Reflect  .   (helmet unavailable)
rElec   .          Harm     .   (no cloak)
rCorr   .          Rampage  .   (no gloves)
Will    .....                   (no boots)
Stlth   ..........              (no amulet)
HPRegen 0.18/turn               (no ring)
MPRegen 0.11/turn               (no ring)

@: corroded
A: permanent stasis, dig shafts and tunnels, antennae 3, four strong arms, fangs
1, frail 1, shaggy fur 1
a: Dig, Shaft Self


You were on level 5 of the Dungeon.
You visited 2 branches of the dungeon, and saw 6 of its levels.

You collected 193 gold pieces.

Inventory:

Hand Weapons
 a - a +0 flail (weapon)
Missiles
 j - a throwing net
Armour
 b - a +0 scale mail
 c - a +1 buckler (worn)
 o - a +0 chain mail (worn)
Jewellery
 n - a ring of fire
 t - a ring of positive energy
Wands
 s - a wand of mindburst (17)
Scrolls
 m - 5 scrolls of identify
Potions
 d - 2 potions of might
 e - a potion of brilliance
 f - a potion of flight
 g - 6 potions of curing
 h - 2 potions of attraction
 i - 2 potions of degeneration
 k - a potion of heal wounds
 l - 2 potions of mutation


   Skills:
 * Level 5.0 Fighting
 * Level 6.2 Maces & Flails
 * Level 6.2 Armour
 * Level 3.5 Stealth
 - Level 4.0 Shields


You had 7 spell levels left.
You didn't know any spells.
Your spell library contained the following spells:

 Spells                   Type           Power      Damage    Failure   Level
 Necrotise                Necr           0%         1d4       98%         1
 Vampiric Draining        Necr           0%         2d6       100%        3
 Agony                    Necr           0%         N/A       100%        5


Dungeon Overview and Level Annotations

Branches:
Dungeon (5/15)             Temple (1/1) D:4

Altars:
Ashenzari
Cheibriados
Fedhas
Gozag
Hepliaklqana
Makhleb
Nemelex Xobeh
Qazlal
Ru
Sif Muna
Trog
Uskayaw
Vehumet

Shops:
D:2 *

Annotations:
D:3 1 runed translucent door, Wentworth's ghost, amateur DgIE


Innate Abilities, Weirdness & Mutations

You cannot be hasted, slowed, berserked, paralysed or teleported.
You can dig through walls and to a lower floor.
You have a pair of large antennae on your head. (SInv)
Your four strong arms can wield two-handed weapons with a shield.
You have very sharp teeth.
You are frail. (-10% HP)
You are covered in fur. (AC +1)


Message History

There is an open door here.
You sense a monster nearby.
No target in view!
No target in view!
An iguana and a jelly come into view.
Found a stone staircase leading up.
The iguana hisses angrily.
The jelly quivers.
There are monsters nearby!
There are monsters nearby!
You hit the jelly but do no damage. The acid corrodes you!
Your hands burn!
The jelly hits you but does no damage.
There are monsters nearby!
You sock the jelly!
Your hands burn!
The jelly is heavily wounded.
The jelly hits you but does no damage.
There are monsters nearby!
You hit the jelly.
Your hands burn!
The jelly is severely wounded.
You block the jelly's attack.
There are monsters nearby!
You hit the jelly.
Your hands burn!
The jelly is almost dead.
The iguana barely misses you. The jelly hits you but does no damage.
There are monsters nearby!
You hit the jelly.
Your hands burn!
The jelly is almost dead.
The iguana bites you. The jelly hits you. The acid corrodes you!
You are splashed with acid!
The iguana bites you. You block the jelly's attack.
There are monsters nearby!
You are too injured to fight recklessly!
You are too injured to fight recklessly!
Unknown command.
You are too injured to fight recklessly!
You are too injured to fight recklessly!
The iguana attacks as you move away! The iguana bites you!
* * * LOW HITPOINT WARNING * * *
The iguana attacks as you move away! The iguana closely misses you.
You closely miss the iguana. The iguana bites you!
You die...

#.#.......
########.#.......
.........+..8.8.8
#####.<.##....... ####
######..#....#.# {..#
#.....[........# #######.#
#............###
#.......####............# .
#.......Jl@'............# .
#......#####............#.#
#......# #............#.#
#......# #...............
#......# #...............
#.....<# #...............
#......# ######'##.).....
#....... #.##......#
######## #'##.......


You could see an iguana and a jelly.

Vanquished Creatures
  Sigmund (D:2)
  An ice beast (D:4)
  A phantom (D:4)
  2 scorpions (D:5)
  A jelly (D:4)
  A gnoll bouda (D:4)
  An orc priest (D:4)
  Terence (D:2)
  Jessica (D:2)
  2 iguanas
  Natasha (thrice) (D:2)
  An orc wizard (D:4)
  5 gnolls (D:4)
  4 adders
  A white imp (D:5)
  3 worms (D:2)
  A dart slug (D:5)
  8 orcs
  10 endoplasms
  3 giant cockroaches
  4 goblins
  2 hobgoblins (D:2)
  3 jackals (D:3)
  6 kobolds
  2 quokkas
  7 ball pythons
  6 bats
  2 frilled lizards (D:1)
  4 rats
87 creatures vanquished.

Vanquished Creatures (others)
  A fungus (D:2)
  2 plants (D:2)
3 creatures vanquished.

Grand Total: 90 creatures vanquished

Notes
Turn   | Place    | Note
-------+----------+-------------------------------------------
     0 | D:1      | fantasyman the Formicid Fighter began the quest for the
                  | Orb.
     0 | D:1      | Reached XP level 1. HP: 18/18 MP: 1/1
   262 | D:1      | Reached XP level 2. HP: 24/24 MP: 2/2
  1136 | D:2      | Reached XP level 3. HP: 10/29 MP: 3/3
  1402 | D:2      | Found a faded altar of an unknown god.
  1407 | D:2      | Noticed Jessica
  1413 | D:2      | Killed Jessica
  1414 | D:2      | Reached skill level 1 in Stealth
  1415 | D:2      | Reached XP level 4. HP: 33/37 MP: 4/4
  1864 | D:2      | Noticed Sigmund
  1880 | D:2      | Killed Sigmund
  1881 | D:2      | Reached XP level 5. HP: 38/42 MP: 5/5
  1881 | D:2      | Reached XP level 6. HP: 43/48 MP: 6/6
  2003 | D:2      | Found Totwaila's General Store.
  2048 | D:2      | Noticed Natasha
  2055 | D:2      | Killed Natasha
  2240 | D:2      | Noticed Terence
  2246 | D:2      | Noticed Natasha
  2252 | D:2      | Killed Terence
  2254 | D:2      | Killed Natasha
  2255 | D:2      | Reached skill level 5 in Armour
  2421 | D:2      | Noticed Natasha
  2428 | D:2      | Killed Natasha
  2811 | D:3      | Found a runed translucent door.
  2812 | D:3      | Noticed Wentworth's ghost (amateur DgIE)
  3291 | D:3      | Reached XP level 7. HP: 55/55 MP: 7/7
  3907 | D:4      | Reached skill level 5 in Maces & Flails
  4091 | D:4      | Found a staircase to the Ecumenical Temple.
  4326 | Temple   | Entered the Ecumenical Temple
  4479 | D:4      | Gained mutation: You have very sharp teeth. [potion of
                  | mutation]
  4479 | D:4      | Gained mutation: You are frail. (-10% HP) [potion of
                  | mutation]
  4479 | D:4      | Gained mutation: You are covered in fur. (AC +1) [potion of
                  | mutation]
  5144 | D:5      | Entered Level 5 of the Dungeon
  5242 | D:4      | Reached XP level 8. HP: 13/54 MP: 8/8
  5714 | D:5      | Found a hide-covered altar of Uskayaw.
  5762 | D:5      | Reached skill level 5 in Fighting
  5948 | D:5      | Slain by an iguana

Illustrated notes

Levels and vault maps discovered:
D:1:      dpeg_arrival_ternary, layout_basic, minmay_heptomino_h4
D:2:      layout_loops_ring, shapermc_ecumenical_altar_acropolis, serial_shops,
          nicolae_diamond_shop, uniq_sigmund, uniq_terence, uniq_natasha,
          uniq_jessica
D:3:      layout_basic, ebering_ghost_reflecting_pool, amcnicky_mini_pool_small
D:4:      layout_basic, temple_fountains, kennysheep_another_room
D:5:      layout_basic, eat_drink_and_be_merry_uskayaw, serial_shops,
          nicolae_square_shop, minmay_misc_feat_five, nicolae_shop_self_help
Temple:   nicolae_temple_ecumenical_triangle

Skill      XL: |  1  2  3  4  5  6  7  8 |
---------------+-------------------------+-----
Armour         | 4 5 6 |  6.2
Stealth        | 1 2 3 |  3.5
Maces & Flails | 4 5 6 |  6.2
Fighting       | 4 5 |  5.0
Shields        | |  4.0

Action                   |  1- 3 |  4- 6 |  7- 9 || total
-------------------------+-------+-------+-------++-------
Melee: Flail             |    64 |   135 |   133 ||   332
       Bite              |       |       |     7 ||     7
  Use: Scroll            |     8 |     2 |     3 ||    13
       Potion            |       |       |     5 ||     5
Armor: Scale mail        |    36 |    55 |       ||    91
       Chain mail        |       |     1 |    58 ||    59
       Skin              |       |       |    17 ||    17
Dodge: Dodged            |    24 |    58 |    42 ||   124
Block: Buckler           |    17 |    39 |    48 ||   104
